 Dungeon Crawl Stone Soup version 0.30-a0-883-g5ad918d77d (webtiles) character file.

Game seed: 7473598254540412584

241 asseater the Chopper (level 6, -2/49 HPs)
             Began as a Human Monk on Mar 16, 2023.
             Slain by Pargi (3 damage)
             ... in a sewer.
             The game lasted 00:04:08 (1962 turns).

asseater the Chopper (Human Monk)                   Turns: 1962, Time: 00:04:08

Health: -2/49      AC: 10    Str: 13    XL:     6   Next: 30%
Magic:  5/5        EV:  6    Int: 11    God:
Gold:   99         SH:  0    Dex: 15    Spells: 5/5 levels left

rFire   . . .      SeeInvis .    a - +0 hand axe
rCold   . . .      Faith    .    (no shield)
rNeg    . . .      Spirit   .    g - +0 chain mail
rPois   +          Reflect  .    (no helmet)
rElec   .          Rampage  .    (no cloak)
rCorr   .                        (no gloves)
Will    .....                    i - +0 pair of boots Stlth
                                 (no amulet)
HPRegen 0.28/turn                b - ring of poison resistance
MPRegen 0.09/turn                (no ring)

@: very slow
A: low MP 1
a: no special abilities


You were in a sewer.
You visited 1 branch of the dungeon, and saw 3 of its levels.
You also visited: Sewer.

You collected 99 gold pieces.

Inventory:

Hand Weapons
 a - a +0 hand axe (weapon)
Armour
 d - a +2 buckler
 g - a +0 chain mail (worn)
 i - a +0 pair of boots (worn)
Jewellery
 b - a ring of poison resistance (left hand)
Scrolls
 e - a scroll of teleportation
 f - a scroll of summoning {unknown}
 h - 2 scrolls of enchant weapon
 j - a scroll of fear {unknown}
 l - a scroll of magic mapping {unknown}
 m - a scroll of fog {unknown}
Potions
 c - 2 potions of flight
 k - 2 potions of mutation


   Skills:
 + Level 4.5 Fighting
 + Level 4.5 Axes
 + Level 3.1 Armour
 - Level 3.0 Dodging
 - Level 2.0 Stealth


You had 5 spell levels left.
You didn't know any spells.
Your spell library contained the following spells:

 Spells                   Type           Power      Damage    Failure   Level
 Beastly Appendage        Tmut           0%         N/A       100%        1
 Summon Small Mammal      Summ           0%         N/A       100%        1
 Wereblood                Tmut           0%         N/A       100%        2
 Call Canine Familiar     Summ           0%         N/A       100%        3
 Spider Form              Tmut/Pois      0%         N/A       100%        3
 Stone Arrow              Conj/Erth      0%         3d7       100%        3
 Summon Guardian Golem    Hex/Summ       0%         N/A       100%        3
 Animate Armour           Summ/Erth      0%         N/A       100%        4
 Lehudib's Crystal Spear  Conj/Erth      0%         10d2      100%        8


Dungeon Overview and Level Annotations

Branches:
Dungeon (3/15)              Sewer (1/1)

Altars:
Cheibriados

Annotations:
Sewer Pargi


Innate Abilities, Weirdness & Mutations

Your magical capacity is low. (-10% MP)


Message History

Pargi claws you but does no damage. x2
You closely miss Pargi.
Pargi is lightly wounded.
Pargi bites you but does no damage. Pargi claws you but does no damage. x2
Your unstable footing causes you to fumble your attack.
Pargi bites you.
* * * LOW HITPOINT WARNING * * *
Pargi barely misses you. x2
Unknown command.
Unknown command.
Your unstable footing causes you to fumble your attack.
Pargi barely misses you. Pargi claws you but does no damage. x2
You hit Pargi.
Pargi is lightly wounded.
Pargi bites you but does no damage. Pargi claws you.
* * * LOW HITPOINT WARNING * * *
Pargi claws you but does no damage.
Unknown command.
Unknown command.
You hit Pargi but do no damage.
Pargi is lightly wounded.
Pargi bites you.
* * * LOW HITPOINT WARNING * * *
Pargi claws you but does no damage. x2
You hit Pargi.
Pargi is moderately wounded.
Pargi bites you but does no damage. Pargi claws you but does no damage.
Pargi claws you.
* * * LOW HITPOINT WARNING * * *
Unknown command.
You hit Pargi but do no damage.
Pargi is lightly wounded.
Pargi bites you.
* * * LOW HITPOINT WARNING * * *
Pargi barely misses you. Pargi claws you.
* * * LOW HITPOINT WARNING * * *
You barely miss Pargi.
Pargi is lightly wounded.
Pargi bites you.
You die...

#...# ## ≈≈≈~# #.∩.# #.
≈≈≈≈.# #.~.# ## ≈≈≈≈≈.
##.## #~ ≈≈≈≈≈.# #~# ##~
≈≈≈≈≈≈.## #~# #~≈
≈≈≈≈≈≈≈~## #~# ##~≈
≈≈≈≈≈≈≈T.# #.# ##.≈≈
≈≈≈≈≈≈≈@### ###~####..≈≈
≈≈≈≈≈≈≈≈~.###.#~#..#.≈≈≈
≈≈≈≈≈≈≈≈≈≈~##~~≈~~.~≈≈≈≈
#≈≈≈≈≈≈≈≈≈≈.~≈≈≈≈≈≈≈≈≈≈≈
≈≈≈≈≈≈≈≈≈≈≈≈≈≈≈≈≈≈≈≈≈≈≈≈
#≈≈≈≈≈≈≈≈≈≈≈≈≈≈≈≈≈≈≈≈≈≈≈
###≈≈≈≈≈≈≈≈≈≈≈≈≈≈≈≈≈≈≈≈≈
#≈≈≈≈≈≈≈≈≈≈≈≈≈≈≈≈≈≈≈≈≈
###≈≈≈≈≈≈≈≈≈≈≈≈≈≈≈≈≈≈≈


You could see Pargi.

Vanquished Creatures
  Sigmund (D:2)
  2 gnolls (D:1)
  An adder (Sewer)
  A worm (D:3)
  4 ball pythons
  3 endoplasms
  3 giant cockroaches
  A hobgoblin (D:2)
  4 jackals (D:3)
  2 quokkas
  5 bats
  5 frilled lizards
  2 goblins (D:1)
  4 kobolds
  5 rats
43 creatures vanquished.

Notes
Turn   | Place    | Note
-------+----------+-------------------------------------------
     0 | D:1      | asseater the Human Monk began the quest for the Orb.
     0 | D:1      | Reached XP level 1. HP: 18/18 MP: 1/1
   141 | D:1      | Reached skill level 1 in Armour
   141 | D:1      | Reached XP level 2. HP: 23/24 MP: 2/2
   281 | D:1      | Reached XP level 3. HP: 16/29 MP: 3/3
   986 | D:2      | Found a snail-covered altar of Cheibriados.
  1037 | D:2      | Noticed Sigmund
  1064 | D:2      | Killed Sigmund
  1065 | D:2      | Reached XP level 4. HP: 25/38 MP: 4/4
  1065 | D:2      | Reached XP level 5. HP: 29/43 MP: 5/5
  1065 | D:2      | Reached XP level 6. HP: 33/49 MP: 6/6
  1803 | D:3      | Found a glowing drain.
  1829 | Sewer    | Entered a sewer
  1941 | Sewer    | Noticed Pargi
  1943 | Sewer    | Gained mutation: Your magical capacity is low. (-10% MP)
                  | [potion of mutation]
  1961 | Sewer    | HP: 2/49 [Pargi (2)]
  1962 | Sewer    | Slain by Pargi

Illustrated notes

Levels and vault maps discovered:
D:1:      minmay_arrival_checkered_box, layout_loops_ring, hangedman_glass_teeth
D:2:      layout_basic, basic_altar, st_stairs_11, hangedman_decor_push,
          uniq_sigmund
D:3:      layout_loops_ring, general_overflow_altar,
          mainiacjoe_overflow_cross_hatched, cheibrodos_sewer_entry_drain
Sewer:    sewer_co_pargi_island

Skill      XL: |  1  2  3  4  5  6 |
---------------+-------------------+-----
Armour         | 1 2 3 |  3.1
Fighting       | 4 |  4.5
Axes           | 4 |  4.5
Dodging        | |  3.0
Stealth        | |  2.0

Action                     |  1- 3 |  4- 6 || total
---------------------------+-------+-------++-------
  Melee: Hand axe          |    89 |    89 ||   178
         Punch             |     1 |     3 ||     4
    Use: Potion            |     3 |     1 ||     4
         Scroll            |       |     4 ||     4
 Armour: Robe              |    10 |       ||    10
         Chain mail        |    41 |    99 ||   140
  Dodge: Dodged            |    36 |    58 ||    94

Table legend: (Time is in decaauts)
 A = Elapsed time spent in this place.
 B = Non-inter-level travel time spent in this place.
 C = Inter-level travel time spent in this place.
 D = Time resting spent in this place.
 E = Time spent auto-exploring this place.
 F = Levels seen in this place.
 G = Mean time per level.
                   A        B        C        D        E       F      G
               +--------+--------+--------+--------+--------+-----+--------+
         Total |   2003 |   1969 |     34 |    129 |   1395 |   4 |  500.8 |
       Dungeon |   1847 |   1813 |     34 |    129 |   1307 |   3 |  615.7 |
         Sewer |    155 |    155 |      0 |      0 |     88 |   1 |  155.0 |
               +--------+--------+--------+--------+--------+-----+--------+

Top non-repeatable levels by time:
     D:1: 986 daAuts
     D:2: 700 daAuts
     D:3: 161 daAuts
   Sewer: 155 daAuts
